 Dungeon Crawl Stone Soup version 0.28-b1-70-g80dc712255 (webtiles) character file.

Game seed: 4454098622835515116

6 Prodoman the Grave Robber (level 1, 0/13 HPs)
             Began as a Demonspawn Necromancer on Feb 4, 2022.
             Slain by a giant cockroach (2 damage)
             ... on level 1 of the Dungeon.
             The game lasted 00:01:33 (320 turns).

Prodoman the Grave Robber (Demonspawn Necromancer)   Turns: 320, Time: 00:01:35

Health: 0/13       AC:  2    Str:  8    XL:     1   Next: 75%
Magic:  0/3        EV: 12    Int: 16    God:
Gold:   12         SH:  0    Dex: 13    Spells: 3/4 levels left

rFire   . . .      SeeInvis .   (no weapon)
rCold   . . .      Faith    .   (no shield)
rNeg    . . .      Spirit   .   a - +0 robe
rPois   .          Reflect  .   (no helmet)
rElec   .          Harm     .   (no cloak)
rCorr   .          Rampage  .   (no gloves)
Will    .....                   (no boots)
Stlth   ++........              (no amulet)
HPRegen 0.04/turn               (no ring)
MPRegen 0.08/turn               (no ring)

@: no status effects
A: no striking features
a: no special abilities


You were on level 1 of the Dungeon.
You visited 1 branch of the dungeon, and saw 1 of its levels.

You collected 12 gold pieces.

Inventory:

Armour
 a - a +0 robe (worn)


   Skills:
 + Level 1.9 Dodging
 + Level 1.9 Stealth
 + Level 2.1 Spellcasting
 + Level 4.4 Necromancy


You had 3 spell levels left.
You knew the following spells:

 Your Spells              Type           Power      Damage    Failure   Level
a - Pain                  Necr           64%        1d7       3%          1

Your spell library contained the following spells:

 Spells                   Type           Power      Damage    Failure   Level
 Animate Skeleton         Necr           32%        N/A       3%          1
 Vampiric Draining        Necr           16%        2d7       10%         3
 Animate Dead             Necr           8%         N/A       32%         4
 Agony                    Necr           16%        N/A       65%         5


Dungeon Overview and Level Annotations

Branches:
Dungeon (1/15)

Altars:


Message History

You hit the kobold but do no damage. The kobold misses you.
Attack: -) Nothing wielded
Press: ? - help, Dir - move target, f/p - kobold
Aim: a kobold, wielding a +0 club (about 53% to evade your hands)
You barely miss the kobold. The kobold barely misses you.
Casting: Pain (safe; 3% risk of failure)
Confirm with . or Enter, or press ? or * to list all spells.
Aiming: Pain (safe; 3% risk of failure)
Press: ? - help, Shift-Dir - straight line, f/p - kobold
Aim: a kobold, wielding a +0 club (chance to affect: 85%)
The kobold writhes in agony.
The giant cockroach bites you. The kobold hits you with a +0 club.
Attack: -) Nothing wielded
Press: ? - help, Dir - move target, f/p - kobold
Aim: a kobold, wielding a +0 club (severely wounded, about 53% to evade your hands)
You completely miss the kobold.
The kobold is severely wounded.
The giant cockroach bites you.
* * * LOW HITPOINT WARNING * * *
The kobold closely misses you.
Attack: -) Nothing wielded
Press: ? - help, Dir - move target, f/p - kobold
Aim: a kobold, wielding a +0 club (severely wounded, about 53% to evade your hands)
You closely miss the kobold.
The kobold is severely wounded.
The giant cockroach misses you. The kobold hits you with a +0 club.
* * * LOW HITPOINT WARNING * * *
Attack: -) Nothing wielded
Press: ? - help, Dir - move target, f/p - kobold
Aim: a kobold, wielding a +0 club (severely wounded, about 53% to evade your hands)
You hit the kobold.
You kill the kobold!
The giant cockroach bites you but does no damage.
Attack: -) Nothing wielded
Press: ? - help, Dir - move target, f - giant cockroach
Aim: a giant cockroach (about 44% to evade your hands)
You hit the giant cockroach.
The giant cockroach is heavily wounded.
The giant cockroach barely misses you. The giant cockroach bites you.
You die...

##.## #.# #.#
##'## ##...##
##.....## #
##.......##
#r..####.........#
.......'B@.......+
.....###.).......#
##. ##.......##
##.....##
##...######
##........
#..######
#..######
#######.>.....#


You could see a giant cockroach.

Vanquished Creatures
  A goblin (D:1)
  A hobgoblin (D:1)
  A ball python (D:1)
  2 kobolds (D:1)
  A rat (D:1)
6 creatures vanquished.

Notes
Turn   | Place    | Note
-------+----------+-------------------------------------------
     0 | D:1      | Prodoman the Demonspawn Necromancer began the quest for the
                  | Orb.
     0 | D:1      | Reached XP level 1. HP: 13/13 MP: 3/3
   225 | D:1      | Found a faded altar of an unknown god.
   320 | D:1      | Slain by a giant cockroach

Illustrated notes

Levels and vault maps discovered:
D:1:      dpeg_arrival_rooms_a, layout_loops_corners,
          ebering_ecumenical_altar_mist

Action                   || total
-------------------------++-------
Melee: Unarmed           ||     6
 Cast: Pain              ||    10
  Use: Potion            ||     1
Armor: Robe              ||     1
Dodge: Dodged            ||     5
